 Dungeon Crawl Stone Soup version 0.24-a0-230-g536ed4e33c (webtiles) character file.

Game seed: 10583838872068683484

95005 MrRokkomies the Bewitcher (level 15, -11/73 HPs)
             Began as a Spriggan Enchanter on Apr 1, 2019.
             Was an Initiate of Gozag.
             Mangled by a shambling mangrove (12 damage)
             ... on level 2 of the Swamp on Apr 3, 2019.
             The game lasted 03:03:51 (32436 turns).

MrRokkomies the Bewitcher (Spriggan Enchanter)     Turns: 32436, Time: 03:03:55

Health: -11/73     AC:  9    Str:  6    XL:     15   Next: 65%
Magic:  11/30      EV: 26    Int: 19    God:    Gozag
Gold:   2738       SH: 10    Dex: 19    Spells: 1/35 levels left

rFire    + . .     SeeInvis +   a - +0 rapier (elec)
rCold    + . .     Gourm    .   Y - +2 buckler
rNeg     + . .     Faith    .   k - +2 robe {rC+ rF+}
rPois    .         Spirit   .   (helmet restricted)
rElec    .         Reflect  .   x - scarf {repulsion}
rCorr    .         Harm     .   (gloves unavailable)
MR       +++++     Clarity  +   (boots unavailable)
Stlth    ++++......             z - amulet of the Four Winds {rN+ MR+++ Clar}
HPRegen  0.22/turn              u - +5 ring of protection
MPRegen  0.22/turn              N - +4 ring of slaying

@: grasped by roots, very slightly contaminated, constricted, repel missiles,
very quick
A: very small, unfitting armour, see invisible, herbivore, speed 3, slow
metabolism 2
a: Potion Petition, Call Merchant, Bribe Branch, Renounce Religion


You were on level 2 of the Swamp.
You worshipped Gozag.
Gozag was most pleased with you.
You were not hungry.

You visited 4 branches of the dungeon, and saw 25 of its levels.
You also visited: Ice Cave.

You collected 9103 gold pieces.
You spent 4288 gold pieces at shops.
You paid 2077 gold pieces to Gozag.

Inventory:

Hand Weapons
 a - a +0 rapier of electrocution (weapon)
 H - a +1 quick blade
 V - a +2 short sword of venom
 W - a +2 antimagic rapier
Missiles
 r - 2 throwing nets (quivered)
Armour
 k - a +2 robe of resistance (worn)
 l - +1 fire dragon scales
 x - a scarf of repulsion (worn)
 Y - a +2 buckler (worn)
Jewellery
 j - an uncursed amulet of the acrobat
 p - an uncursed ring of protection from magic
 u - a +5 ring of protection (left hand)
 z - the amulet of the Four Winds (around neck) {rN+ MR+++ Clar}
   (You found it in an ice cave)

   [amulet of nothing]

   It protects you from negative energy.
   It affects your resistance to hostile enchantments.
   It protects you against confusion.
 D - an uncursed ring of flight
 I - an uncursed ring of ice
 N - a +4 ring of slaying (right hand)
Wands
 m - a wand of digging (8)
 s - a wand of random effects (41)
 v - a wand of disintegration (28)
 A - a wand of paralysis (41)
 C - a wand of flame (15)
 E - a wand of acid (10)
 G - a wand of scattershot (4)
 J - a wand of iceblast (16)
 L - a wand of clouds (5)
Scrolls
 e - 15 scrolls of teleportation
 q - 2 scrolls of fear
 w - 5 scrolls of remove curse
 y - 4 scrolls of enchant armour
 K - 3 scrolls of fog
 P - 2 scrolls of blinking
 S - a scroll of silence
 T - 4 scrolls of amnesia
Potions
 b - 3 potions of berserk rage
 c - 12 potions of curing
 f - 2 potions of might
 g - 3 potions of cancellation
 h - 3 potions of invisibility
 i - 3 potions of ambrosia {unknown}
 n - 2 potions of heal wounds
 o - 5 potions of lignification
 t - 4 potions of haste
 B - 2 potions of brilliance {unknown}
 F - 5 potions of flight
 M - 2 potions of magic
 O - 2 potions of agility {unknown}
 R - a potion of resistance {unknown}
Miscellaneous
 Q - a phial of floods (inert)
Comestibles
 d - 12 rations


   Skills:
 - Level 6.0 Fighting
 - Level 12.1 Short Blades
 - Level 12.0 Dodging
 + Level 6.8 Stealth
 * Level 5.8 Shields
 * Level 10.9 Spellcasting
 - Level 3.1 Conjurations
 - Level 15.0 Hexes
 - Level 6.0 Translocations
 - Level 5.0 Ice Magic
 - Level 15.0 Poison Magic
 - Level 10.0 Evocations


You had one spell level left.
You knew the following spells:

 Your Spells              Type           Power        Failure   Level  Hunger
a - Blink                 Tloc           N/A          1%          2    None
b - Ensorcelled Hibernat  Hex/Ice        #####.       1%          2    None
c - Confuse               Hex            ######..     1%          3    None
d - Tukima's Dance        Hex            ######..     1%          3    None
e - Dazzling Spray        Conj/Hex       #####.       1%          3    None
f - Olgreb's Toxic Radia  Pois           ######..     1%          4    ##.....
g - Mephitic Cloud        Conj/Pois/Air  ####....     1%          3    None
h - Poisonous Vapours     Pois/Air       #####.       1%          2    None
i - Ozocubu's Armour      Chrm/Ice       ###.....     9%          3    None
j - Invisibility          Hex            ######..     2%          6    ######.
k - Ignite Poison         Fire/Tmut/Pois ####....     3%          3    None

Your spell library contained the following spells:

 Spells                   Type           Power        Failure   Level  Hunger
 Corona                   Hex            ######.      0%          1    None
 Freeze                   Ice            ####         1%          1    None
 Magic Dart               Conj           ###.         1%          1    None
 Sting                    Conj/Pois      ####         1%          1    None
 Shock                    Conj/Air       ###.         4%          1    None
 Animate Skeleton         Necr           N/A          8%          1    None
 Pain                     Necr           ##..         8%          1    None
 Slow                     Hex            ######..     1%          2    None
 Cause Fear               Hex            ######....   1%          4    ##.....
 Throw Frost              Conj/Ice       ####..       2%          2    None
 Darkness                 Hex            ######....   2%          6    ######.
 Venom Bolt               Conj/Pois      #####.....   4%          5    ####...
 Passage of Golubria      Tloc           N/A          6%          4    ##.....
 Silence                  Hex/Air        #####.....   10%         5    ####...
 Yara's Violent Unravell  Hex/Tmut       #####.....   10%         5    ####...
 Call Imp                 Summ           ##......     12%         2    None
 Passwall                 Tmut/Erth      ##......     12%         2    None
 Swiftness                Chrm/Air       ##......     12%         2    None
 Conjure Flame            Conj/Fire      ###.....     12%         3    None
 Static Discharge         Conj/Air       ###.....     12%         3    None
 Throw Icicle             Conj/Ice       ####....     14%         4    ##.....
 Regeneration             Chrm/Necr      ##........   22%         3    None
 Vampiric Draining        Necr           ##........   22%         3    None
 Summon Ice Beast         Ice/Summ       ###.....     26%         4    ##.....
 Airstrike                Air            ##........   58%         4    ##.....
 Animate Dead             Necr           N/A          58%         4    ##.....
 Discord                  Hex            ######....   71%         8    #######
 Fireball                 Conj/Fire      ###.......   73%         5    ####...
 Lightning Bolt           Conj/Air       ###.......   73%         5    ####...
 Borgnjor's Vile Clutch   Necr/Erth      ##........   91%         5    ####...
 Lee's Rapid Deconstruct  Erth           ##........   91%         5    ####...
 Freezing Cloud           Conj/Ice/Air   ###.......   98%         6    ######.
 Bolt of Fire             Conj/Fire      ###.......   99%         6    ######.
 Deflect Missiles         Chrm/Air       ##........   100%        6    ######.
 Haunt                    Necr/Summ      ##........   100%        7    #######
 Ring of Flames           Chrm/Fire      ##........   100%        7    #######
 Borgnjor's Revivificati  Necr           ##........   100%        8    #######
 Death's Door             Chrm/Necr      ##........   100%        8    #######
 Ignition                 Fire           ##........   100%        8    #######
 Infestation              Necr           ##........   100%        8    #######
 Necromutation            Tmut/Necr      ##........   100%        8    #######


Dungeon Overview and Level Annotations

Branches:
Dungeon (15/15)            Temple (0/1) D:4            Lair (6/6) D:9
  Swamp (2/4) Lair:4        Snake (0/4) Lair:2        Slime (0/5) Lair:6
    Orc (2/2) D:9             Elf (0/3) Orc:2        Vaults (0/5) D:13
 Depths (0/5) D:15

Altars:
Ashenzari
Cheibriados
Dithmenos
Elyvilon
Gozag
Hepliaklqana
Makhleb
Okawaru
Qazlal
Sif Muna
Trog
Uskayaw
Wu Jian
Xom
Zin
The Shining One
Beogh

Shops:
D:7 :   D:13 [   D:14 :   D:15 (   Orc:2 ((:[

Annotations:
D:9 3 runed translucent doors, nawrastar's ghost, novice TrMo
D:14 1 runed translucent door
Lair:3 3 runed translucent doors, Miow's ghost, journeyman MiFi; Uclefafahy's ghost, journeyman GrEE
Lair:5 2 transporters, Fupneiwu's ghost, journeyman FoFi
Lair:6 1 runed translucent door, exclusion: 4 oklob plants, nawrastar's ghost, journeyman FoFi
Swamp:1 exclusion: Roxanne, Roxanne
Orc:1 1 runed translucent door, Fuef's ghost, journeyman VSFi


Innate Abilities, Weirdness & Mutations

You are very small and have problems with some larger weapons.
You are too small for most types of armour.
You have supernaturally acute eyesight. (SInv)
You are a herbivore.
You cover ground extremely quickly.
You need to consume almost no food.


Message History

You hit the shambling mangrove.
Lightning courses through the shambling mangrove!
The shambling mangrove is moderately damaged.
You hit the shambling mangrove.
The shambling mangrove is moderately damaged.
You hit the shambling mangrove but do no damage.
The shambling mangrove is moderately damaged.
The shambling mangrove is engulfed in blazing flames.
The shambling mangrove hits you!!
* * * LOW HITPOINT WARNING * * *
x2 The grasping roots constrict you!!
Casting: Ignite Poison (safe; 3% risk of failure)
Confirm with . or Enter, or press ? or * to list all spells.
You escape the roots' grasp.
You blink.
A spiny frog comes into view.
The shambling mangrove is engulfed in blazing flames.
Roots burst forth from the earth!
The grasping roots grab you!
You die...
Your body crumbles into a pile of gold. .77§. ...7 777

.>.7 7.. ..} $ 7..
≈≈≈≈.77 ≈≈7 7.≈
.≈≈≈≈7≈77≈777 7.≈
.≈≈≈.77.....7 . 77.
≈≈≈≈.°°≈.@7 ≈. 7>≈
≈≈≈≈§§°≈≈.77≈≈7 7.≈
≈.≈≈≈≈F○○...7 77.≈
...≈≈.°°☼.77 7777≈≈≈
7..77f☼≈777777
7....≈≈ 77
7§≈≈≈≈≈..777 7≈≈..≈≈
7.≈≈≈≈≈....≈ 7..7.≈≈
77≈≈≈≈≈≈≈≈.7777.....
7.≈≈≈≈≈≈≈..≈7≈.≈≈≈≈≈


You could see a shambling mangrove and a spiny frog.

Vanquished Creatures
  Nikola (Swamp:2)
  Jorgrun (D:13)
  Harold (D:7)
  Erolcha (Orc:1)
  5 hydras
  3 vault guards (D:13)
  A catoblepas (Lair:3)
  4 alligators
  2 centaur warriors
  3 ogre magi
  2 tengu warriors (D:14)
  8 two-headed ogres
  2 death yaks (Lair:5)
  An orc high priest (Orc:2)
  A fire crab (shapeshifter) (D:14)
  An unseen horror (D:14)
  2 deep trolls (Orc:2)
  A wizard (D:15)
  Pikel (D:6)
  A necromancer (D:15)
  An orc knight (Orc:2)
  5 orc sorcerers
  6 ugly things
  A deep elf mage (D:14)
  3 cyclopes
  A manticore (D:13)
  3 black mambas
  Maurice (D:9)
  3 naga magi (D:15)
  5 gargoyles
  11 spiny frogs
  A freezing wraith (D:15)
  A spiny frog (shapeshifter) (D:15)
  A redback zombie (D:15)
  2 rime drakes
  8 komodo dragons
  5 ice devils (IceCv)
  A harpy zombie (D:15)
  15 trolls
  5 polar bears
  A dancing weapon (Orc:2)
  6 hornets (Lair:6)
  3 tyrant leeches
  2 slime creatures (D:13)
  A bog body (Lair:4)
  Prince Ribbit (D:6)
  2 dream sheep (Lair:6)
  17 blink frogs
  8 hippogriffs
  A meliai zombie (D:12)
  A wraith (D:15)
  12 spriggans
  A tarantella (shapeshifter) (D:13)
  33 yaks
  6 humans
  A wyvern (D:15)
  2 steam dragons
  4 hogs (D:10)
  6 basilisks
  3 hungry ghosts
  10 swamp worms
  3 nagas (Lair:2)
  12 vampire mosquitoes
  15 two-headed ogre zombies (Orc:1)
  An acid dragon (D:14)
  2 insubstantial wisps (Swamp:1)
  6 wargs
  Duvessa (D:6)
  A soldier ant (D:12)
  13 water moccasins
  28 orc warriors
  8 porcupines
  2 slaves (D:6)
  A hornet zombie (D:14)
  6 ice beasts
  4 sky beasts
  19 ogres
  A phantom (D:11)
  5 black bears
  An eye of draining (D:12)
  7 centaurs
  28 wolves
  4 boggarts (Lair:6)
  15 crocodiles
  3 big kobolds
  16 bullfrogs
  A wyvern zombie (D:14)
  A wyvern skeleton (D:12)
  4 scorpions
  Dowan (D:6)
  14 killer bees
  8 wights
  A howler monkey (D:6)
  5 electric eels
  9 crimson imps
  A lava snake (D:14)
  A quasit (D:5)
  Crazy Yiuf (D:6)
  10 hounds
  4 jellies
  5 centaur zombies
  10 orc priests
  2 bullfrog skeletons
  4 centaur skeletons
  2 iguanas
  23 orc wizards
  2 hell rats (Lair:3)
  10 worker ants
  A hound zombie (D:8)
  A hound skeleton (D:4)
  8 gnolls
  2 worker ant zombies
  9 adders
  8 river rats (Lair:3)
  4 shadow imps
  5 white imps (IceCv)
  2 ufetubi (IceCv)
  An ooze (D:3)
  An adder zombie (D:7)
  2 adder skeletons
  2 dart slugs (D:2)
  6 leopard geckos
  78 orcs
  6 giant cockroaches
  4 goblins
  3 hobgoblins (D:4)
  5 jackals
  9 quokkas
  A ball python (D:3)
  8 bats
  A frilled lizard (D:1)
  14 kobolds
  A leopard gecko zombie (D:7)
  2 quokka skeletons
  A quokka zombie (D:6)
  3 rats
751 creatures vanquished.

Vanquished Creatures (collateral kills)
  A vault guard (D:13)
  4 two-headed ogres
  Urug (D:10)
  A cyclops (Orc:2)
  An efreet (D:14)
  A troll (Orc:2)
  2 humans (D:13)
  3 insubstantial wisps (Swamp:1)
  2 orc warriors
  9 ogres
  An orc wizard (Orc:2)
  An orc (D:15)
27 creatures vanquished.

Vanquished Creatures (others)
  A reaper (IceCv)
  A human (D:13)
  7 white imps (IceCv)
  5 ufetubi (IceCv)
  An orc (Orc:2)
  11 fungi
  3 plants
  3 withered plants (Lair:3)
32 creatures vanquished.

Grand Total: 810 creatures vanquished

Notes
Turn   | Place    | Note
-------+----------+-------------------------------------------
     0 | D:1      | MrRokkomies the Spriggan Enchanter began the quest for the
                  | Orb.
     0 | D:1      | Reached XP level 1. HP: 9/9 MP: 5/5
   543 | D:2      | Reached XP level 2. HP: 13/13 MP: 6/6
   558 | D:2      | Found an iron altar of Okawaru.
   597 | D:2      | Found an opulent altar of Gozag.
   826 | D:2      | Became a worshipper of Gozag Ym Sagoz the Greedy
   832 | D:2      | Found a hazy altar of Hepliaklqana.
   835 | D:2      | Found a burning altar of Makhleb.
   838 | D:2      | Found a hide-covered altar of Uskayaw.
   868 | D:2      | Learned a level 2 spell: Ensorcelled Hibernation
   944 | D:2      | Reached skill level 5 in Stealth
   944 | D:2      | Reached XP level 3. HP: 16/16 MP: 5/8
   949 | D:2      | Learned a level 3 spell: Confuse
  1111 | D:2      | Found a shattered altar of Ashenzari.
  1206 | D:2      | Found a white marble altar of Elyvilon.
  1584 | D:3      | Found a snail-covered altar of Cheibriados.
  1586 | D:3      | Found a glowing golden altar of the Shining One.
  1666 | D:3      | Reached XP level 4. HP: 21/21 MP: 4/9
  2227 | D:3      | Noticed a bullfrog
  2232 | D:3      | Killed a bullfrog
  2232 | D:3      | Reached skill level 5 in Hexes
  2232 | D:3      | Reached XP level 5. HP: 24/24 MP: 3/10
  2963 | D:4      | Found a staircase to the Ecumenical Temple.
  3393 | D:4      | Reached XP level 6. HP: 28/28 MP: 8/11
  3658 | D:5      | Entered Level 5 of the Dungeon
  4013 | D:5      | Reached skill level 5 in Short Blades
  4259 | D:5      | Reached XP level 7. HP: 32/32 MP: 12/12
  4559 | D:6      | Found a shadowy altar of Dithmenos.
  5115 | D:6      | Learned a level 3 spell: Tukima's Dance
  5147 | D:6      | Noticed Prince Ribbit
  5161 | D:6      | Killed Prince Ribbit
  5161 | D:6      | Reached XP level 8. HP: 36/36 MP: 9/13
  5168 | D:6      | Found an ornate altar of the Wu Jian Council.
  5184 | D:6      | Noticed Pikel
  5194 | D:6      | Killed Pikel
  5381 | D:6      | Found a runed translucent door.
  5382 | D:6      | Noticed Crazy Yiuf
  5401 | D:6      | Killed Crazy Yiuf
  5439 | D:6      | Reached skill level 10 in Short Blades
  5507 | D:6      | Learned a level 3 spell: Dazzling Spray
  5605 | D:6      | Noticed Duvessa
  5605 | D:6      | Noticed Dowan
  5610 | D:6      | Killed Dowan
  5676 | D:6      | Killed Duvessa
  5676 | D:6      | Reached XP level 9. HP: 32/39 MP: 9/14
  5960 | D:7      | Noticed Harold
  5989 | D:7      | Killed Harold
  6671 | D:7      | Found a stormy altar of Qazlal.
  6953 | D:8      | Found a deep blue altar of Sif Muna.
  7056 | D:8      | Noticed a two-headed ogre
  7079 | D:8      | Killed a two-headed ogre
  7079 | D:8      | Reached XP level 10. HP: 6/44 MP: 3/15
  7480 | D:8      | Reached skill level 10 in Dodging
  7534 | D:8      | Learned a level 1 spell: Animate Skeleton
  7619 | D:8      | Found a bloodstained altar of Trog.
  7965 | D:9      | Reached skill level 1 in Fighting
  8272 | D:9      | Noticed Maurice
  8275 | D:9      | Upgraded the game from 0.24-a0-228-g05560da471 to
                  | 0.24-a0-230-g536ed4e33c
  8367 | D:8      | Reached skill level 5 in Spellcasting
  8627 | D:7      | Bought a Young Poisoner's Handbook for 640 gold pieces
  8631 | D:7      | Learned a level 3 spell: Mephitic Cloud
  8634 | D:7      | Learned a level 2 spell: Poisonous Vapours
  8698 | D:9      | Found a staircase to the Orcish Mines.
  8703 | D:9      | Reached skill level 1 in Poison Magic
  8714 | D:9      | Found a staircase to the Lair.
  8735 | D:9      | Found a runed translucent gate.
  8904 | D:9      | Killed Maurice
  9070 | D:9      | Found a runed translucent gate.
  9070 | D:9      | Found a runed translucent gate.
  9401 | D:9      | Noticed nawrastar's ghost (novice TrMo)
  9606 | D:10     | Entered Level 10 of the Dungeon
  9668 | D:10     | Reached skill level 5 in Fighting
  9668 | D:10     | Reached XP level 11. HP: 35/55 MP: 2/20
  9944 | D:10     | Reached skill level 5 in Poison Magic
 10099 | D:10     | Noticed Urug
 10113 | D:10     | Killed Urug
 10113 | D:10     | Reached skill level 1 in Ice Magic
 10609 | D:10     | Reached skill level 1 in Conjurations
 11437 | D:11     | Noticed a two-headed ogre
 11441 | D:11     | Killed a two-headed ogre
 11850 | Lair:1   | Entered Level 1 of the Lair of Beasts
 11954 | Lair:1   | Noticed a five-headed hydra
 11980 | Lair:1   | Killed a five-headed hydra
 11980 | Lair:1   | Reached skill level 5 in Ice Magic
 12300 | Lair:1   | Identified a scroll of acquirement
 13269 | Lair:2   | You fall through a shaft!
 13295 | Lair:3   | Noticed a catoblepas
 13399 | Lair:2   | Found a staircase to the Snake Pit.
 13411 | Lair:2   | Reached XP level 12. HP: 60/60 MP: 12/21
 14463 | Lair:3   | Found a runed translucent gate.
 14463 | Lair:3   | Found a runed translucent gate.
 14463 | Lair:3   | Found a runed translucent gate.
 14470 | Lair:3   | Noticed Uclefafahy's ghost (journeyman GrEE)
 14470 | Lair:3   | Noticed Miow's ghost (journeyman MiFi)
 14536 | Lair:3   | Reached skill level 10 in Hexes
 15025 | D:7      | Bought a manual of Poison Magic for 1766 gold pieces
 15029 | D:7      | Learned a level 3 spell: Ozocubu's Armour
 15252 | Lair:3   | Killed a catoblepas
 15686 | Lair:4   | Noticed a six-headed hydra
 15887 | Lair:4   | Killed a six-headed hydra
 16258 | Lair:4   | Found a staircase to the Swamp.
 16720 | Lair:5   | Identified the +3 trident of Inquiry {drain, *Noise +Fly
                  | Dex+8 Stlth-}
 16815 | Lair:5   | Found a bloodstained altar of Trog.
 16815 | Lair:5   | Noticed Fupneiwu's ghost (journeyman FoFi)
 16816 | Lair:5   | Identified the cursed +1 trident of Plog {flame, rN+ Dex+3}
 16817 | Lair:5   | Identified the +8 demon whip of Wyrd {antimagic, rElec
                  | rN+++ MR+}
 16822 | Lair:5   | Found a transporter.
 16822 | Lair:5   | Noticed a death yak
 16824 | Lair:5   | Noticed a death yak
 16826 | Lair:5   | Noticed a death yak
 16827 | Lair:5   | Found a transporter.
 16827 | Lair:5   | Noticed a death yak
 16991 | Lair:5   | Reached skill level 10 in Poison Magic
 17232 | Lair:5   | Reached XP level 13. HP: 64/64 MP: 19/22
 18130 | Lair:6   | Entered Level 6 of the Lair of Beasts
 18517 | Lair:6   | Learned a level 2 spell: Blink
 18527 | Lair:6   | Found a runed translucent door.
 18534 | Lair:6   | Noticed nawrastar's ghost (journeyman FoFi)
 20147 | Lair:6   | Found a staircase to the Slime Pits.
 20419 | Orc:1    | Entered Level 1 of the Orcish Mines
 20515 | Orc:1    | Found a frozen archway.
 20526 | IceCv    | Entered an ice cave
 20752 | IceCv    | Killed a reaper
 21360 | IceCv    | Found the amulet of the Four Winds {rN+ MR+++ Clar}
 21824 | Orc:1    | Noticed Erolcha
 21836 | Orc:1    | Killed Erolcha
 21843 | Orc:1    | Found a runed translucent door.
 22182 | Orc:1    | Found a runed translucent door.
 22182 | Orc:1    | Found a shimmering altar of Xom.
 22182 | Orc:1    | Noticed Fuef's ghost (journeyman VSFi)
 22923 | Orc:1    | Reached XP level 14. HP: 53/68 MP: 14/25
 23350 | Orc:1    | Found a roughly hewn altar of Beogh.
 23384 | Orc:2    | Entered Level 2 of the Orcish Mines
 23508 | Orc:1    | Learned a level 4 spell: Olgreb's Toxic Radiance
 23676 | Orc:2    | Reached skill level 15 in Hexes
 23905 | Orc:2    | Found a staircase to the Elven Halls.
 24072 | Orc:2    | Found a roughly hewn altar of Beogh.
 24540 | Orc:2    | Found Zarot's Weapon Shoppe.
 24541 | Orc:2    | Found Hestun's Weapon Shoppe.
 24572 | Orc:2    | Reached skill level 1 in Shields
 25075 | Orc:2    | Found Izoic's Book Shop.
 25130 | Orc:2    | Found Enoufu's Armour Emporium.
 25133 | Orc:2    | Bought a book of Burglary for 750 gold pieces
 25140 | Orc:2    | Learned a level 6 spell: Invisibility
 25140 | Orc:2    | Bought Runeygh's Handbook of Contamination and Evil Secrets
                  | for 680 gold pieces
 25145 | Orc:2    | Bought a +2 robe of resistance for 452 gold pieces
 25479 | D:12     | Reached skill level 10 in Spellcasting
 25599 | D:12     | Reached skill level 1 in Evocations
 25866 | D:12     | Reached skill level 15 in Poison Magic
 26048 | D:12     | Reached skill level 1 in Translocations
 26542 | D:13     | Reached skill level 5 in Evocations
 26742 | D:13     | Found a glowing golden altar of the Shining One.
 26963 | D:13     | Noticed Jorgrun
 26990 | D:13     | Killed Jorgrun
 27275 | D:13     | Found a gate to the Vaults.
 27925 | D:14     | Reached skill level 5 in Translocations
 27925 | D:14     | Reached XP level 15. HP: 72/72 MP: 30/30
 28323 | D:14     | HP: 1/72 [acid (7)]
 28953 | D:14     | Found a glowing silver altar of Zin.
 29000 | D:14     | Found a glowing silver altar of Zin.
 29001 | D:14     | Found a runed translucent door.
 29233 | D:14     | Found Vopaihynk's Book Boutique.
 29311 | D:15     | Entered Level 15 of the Dungeon
 29677 | D:15     | Found a staircase to the Depths.
 29805 | D:15     | Reached skill level 10 in Evocations
 30494 | D:15     | Reached skill level 5 in Shields
 31050 | Swamp:1  | Entered Level 1 of the Swamp
 31652 | Swamp:1  | Identified Roxanne's Tome of the Marlin
 31652 | Swamp:1  | Noticed Roxanne
 32141 | Swamp:2  | Noticed Nikola
 32176 | Swamp:2  | Killed Nikola
 32426 | Swamp:2  | Learned a level 3 spell: Ignite Poison
 32435 | Swamp:2  | HP: 1/73 [shambling mangrove (20)]
 32436 | Swamp:2  | Mangled by a shambling mangrove

Levels and vault maps discovered:
D:1:      mrwooster_arrival_statue_2, layout_basic, minmay_curled_crystal
D:2:      layout_loops_cross, kennysheep_okawaru_gauntlet, elyvilon_altar_5,
          grunt_temple_overflow_cloverleaf, first_ration,
          evilmike_ruin_ashenzari
D:3:      layout_loops_ring, chequers_temple_overflow_statue_of_worship
D:4:      minmay_general_purpose_star, layout_basic, minmay_temple_entry_trees,
          sigmund_army
D:5:      layout_rooms, lexackson_kobold_supper
D:6:      layout_loops_ring, overflow_temple_1_default, kennysheep_mini_moat,
          uniq_pikel, uniq_duvessa, uniq_prince_ribbit1, uniq_crazy_yiuf_cottage
D:7:      layout_loops_ring, grunt_qazlal_sundering, uniq_harold
D:8:      kennysheep_orc_sif_temple, layout_basic, lemuel_crystal_altar,
          lemuel_flamethrower_1
D:9:      layout_cave_pools, erik_lair_island, david_orc_2, gammafunk_ghost_icy,
          uniq_maurice
D:10:     layout_basic, grunt_livestock, uniq_urug
D:11:     layout_loops_ring
D:12:     layout_basic
D:13:     layout_loops_ring, ximxim_vaults_locker_room, tso_metal_star,
          uniq_jorgrun
D:14:     layout_basic, basic_altar, serial_shops, shop, nicolae_lava_and_water,
          lemuel_angel_altar
D:15:     grunt_enter_depths_magical_seal, layout_long_grid,
          hangedman_abyss_or_decor_jellyfish_corner, dk_noncrumbling_2,
          grunt_decor_mini_mirrors, minmay_misc_feat_tower
Lair:1:   layout_layer_cave, wad_woods_road_03, ldierk_geyser
Lair:2:   layout_regular_city, guppyfry_snake_entry_garden,
          infiniplex_staircase_pool
Lair:3:   layout_regular_city, gammafunk_ghost_cemetery, serial_rivers,
          chequers_serial_rivers_small_a, chequers_serial_rivers_marsh,
          chequers_serial_rivers_micro_e, chequers_serial_rivers_micro_c,
          kennysheep_rathole
Lair:4:   layout_loops_ring, nicolae_swamp_entry_splash_gauntlet
Lair:5:   layout_hall_layers, gammafunk_ghost_wrathful_warriors,
          grunt_megastairs_3, lemuel_fruit_tree
Lair:6:   minmay_lair_end_enchanted_forest, layout_small_grid,
          minmay_slime_entry_oklob_open, ebering_ghost_reflecting_pool
Swamp:1:  layout_falls_marsh, evilmike_swamp_ruin_house_1,
          infiniplex_staircase_pool_2, uniq_roxanne
Swamp:2:  layout_basic_swamp, evilmike_swamp_ruin_house_5,
          hangedman_swamp_diagram, uniq_nikola
Orc:1:    lemuel_ogre_cave, layout_caves, portal_ice_cave_entry_pillars_2,
          ebering_ghost_xom, lightli_church_of_beogh, uniq_erolcha
Orc:2:    st_orc_open, layout_diamond_mine, lemuel_statue_altar
IceCv:    ice_cave_small_demon

Skill      XL: |  1  2  3  4  5  6  7  8  9 10 11 12 13 14 15 |
---------------+----------------------------------------------+-----
Hexes          | 4 5 6 8 9 12 14 15 | 15.0
Short Blades   | 2 3 4 5 7 10 12 | 12.1
Stealth        | 5 6 |  6.8
Dodging        | 4 9 10 12 | 12.0
Spellcasting   | 5 7 10 | 10.9
Fighting       | 5 6 |  6.0
Poison Magic   | 4 6 10 13 15 | 15.0
Ice Magic      | 5 |  5.0
Conjurations   | 3 |  3.1
Shields        | 3 5 |  5.8
Evocations     | 7 10 | 10.0
Translocations | 5 6 |  6.0

Action                   |  1- 3 |  4- 6 |  7- 9 | 10-12 | 13-15 || total
-------------------------+-------+-------+-------+-------+-------++-------
Melee: Dagger            |    62 |   200 |    22 |       |       ||   284
       Rapier            |       |       |   254 |    41 |    13 ||   308
       Short sword       |       |       |       |   585 |  1498 ||  2083
       Quick blade       |       |       |       |       |    31 ||    31
Throw: Throwing net      |       |       |     5 |     2 |     1 ||     8
 Cast: Ensorcelled Hiber |    10 |    37 |    34 |   161 |    93 ||   335
       Confuse           |     2 |     5 |    20 |    34 |   112 ||   173
       Tukima's Dance    |       |       |       |    11 |    50 ||    61
       Mephitic Cloud    |       |       |       |    13 |    37 ||    50
       Poisonous Vapours |       |       |       |     8 |    45 ||    53
       Dazzling Spray    |       |       |       |     5 |    22 ||    27
       Blink             |       |       |       |       |     3 ||     3
       Olgreb's Toxic Ra |       |       |       |       |    10 ||    10
       Invisibility      |       |       |       |       |     2 ||     2
       Ignite Poison     |       |       |       |       |     2 ||     2
Invok: Call Merchant     |       |       |     1 |       |     2 ||     3
 Abil: Evoke Flight      |       |       |       |       |     2 ||     2
Evoke: Wand              |       |       |     3 |     4 |     6 ||    13
       Box of beasts     |       |       |       |       |     1 ||     1
       Phial of floods   |       |       |       |       |     1 ||     1
  Use: Scroll            |     7 |     2 |     5 |    14 |     7 ||    35
       Potion            |       |       |       |     2 |     6 ||     8
 Stab: Sleeping          |    14 |    25 |    32 |   114 |    78 ||   263
       Confused          |       |     1 |     8 |    31 |   113 ||   153
       Held in net/web   |       |       |     4 |     1 |     1 ||     6
       Distracted        |       |       |       |    11 |    23 ||    34
       Invisible         |       |       |       |       |    14 ||    14
  Eat: Ration            |       |     2 |     4 |     7 |    11 ||    24
Armor: Robe              |     6 |     9 |    10 |    20 |    25 ||    70
Dodge: Dodged            |    26 |   162 |   170 |   457 |   776 ||  1591
       Deflected         |       |       |     1 |     2 |    10 ||    13
Block: Buckler           |       |       |       |       |   361 ||   361

Table legend:
 A = Non-vault XP
 B = Vault XP
 C = Vault XP percentage of total XP
 D = Non-vault monster count
 E = Vault monster count
 F = Vault count percentage of total count
                 A         B        C        D         E       F
            +---------+---------+-------+---------+---------+-------
      Total |   85098 |   50624 |  37.3 |     563 |     212 |  27.4
            +---------+---------+-------+---------+---------+-------
        D:1 |      11 |       0 |   0.0 |       9 |       0 |   0.0
        D:2 |      69 |       3 |   4.2 |       8 |       2 |  20.0
        D:3 |     152 |       0 |   0.0 |      17 |       0 |   0.0
        D:4 |     100 |      64 |  39.0 |      13 |       5 |  27.8
        D:5 |     332 |     102 |  23.5 |      10 |       5 |  33.3
        D:6 |     849 |    1180 |  58.2 |      24 |       5 |  17.2
        D:7 |     666 |    1039 |  60.9 |      21 |       1 |   4.5
        D:8 |    1802 |     223 |  11.0 |      19 |       3 |  13.6
        D:9 |    2613 |    1368 |  34.4 |      34 |      14 |  29.2
       D:10 |    3875 |    1717 |  30.7 |      29 |       6 |  17.1
       D:11 |    2573 |       0 |   0.0 |      21 |       0 |   0.0
       D:12 |    5760 |       0 |   0.0 |      40 |       0 |   0.0
       D:13 |    6653 |    7503 |  53.0 |      32 |      12 |  27.3
       D:14 |    9958 |       0 |   0.0 |      32 |       0 |   0.0
       D:15 |    5703 |    4411 |  43.6 |      27 |      10 |  27.0
     Lair:1 |    2761 |       0 |   0.0 |       9 |       0 |   0.0
     Lair:2 |    1932 |     465 |  19.4 |      12 |       3 |  20.0
     Lair:3 |    5819 |     176 |   2.9 |      29 |      11 |  27.5
     Lair:4 |    5069 |     653 |  11.4 |      26 |       4 |  13.3
     Lair:5 |    5999 |    1199 |  16.7 |      18 |       4 |  18.2
     Lair:6 |    5621 |    7455 |  57.0 |      22 |      46 |  67.6
    Swamp:1 |    6457 |       0 |   0.0 |      18 |       0 |   0.0
    Swamp:2 |    3161 |    3344 |  51.4 |      11 |       1 |   8.3
      Orc:1 |    2099 |    5920 |  73.8 |      38 |      32 |  45.7
      Orc:2 |    5064 |   12021 |  70.4 |      44 |      36 |  45.0
      IceCv |       0 |    1781 | 100.0 |       0 |      12 | 100.0
            +---------+---------+-------+---------+---------+-------
